 Dungeon Crawl Stone Soup version 0.31-a0-986-g5e6e4ef867 (webtiles) character file.

Game seed: 16541886582471443377

86 NinjaNoafa the Trooper (level 4, 0/12 HPs)
             Began as a Demonspawn Berserker on Nov 10, 2023.
             Was a Believer of Trog.
             Killed by nerve-wracking pain
             ... invoked by Grinder
              (12 damage)
             ... on level 3 of the Dungeon.
             The game lasted 00:05:44 (2293 turns).

NinjaNoafa the Trooper (Demonspawn Berserker)       Turns: 2293, Time: 00:05:44

Health: 0/12       AC:  4    Str: 24    XL:     4   Next: 26%
Magic:  4/4        EV: 10    Int:  8    God:    Trog [**....]
Gold:   140        SH:  0    Dex: 13    Spells: 3/3 levels left

rFire   . . .        a - melded +2 mace (protect)
rCold   . . .        (shield currently unavailable)
rNeg    . . .        f - melded +0 leather armour
rPois   .            (helmet currently unavailable)
rElec   .            n - melded scarf {rC+ rF+}
rCorr   .            (gloves currently unavailable)
SInv    .            (boots currently unavailable)
Will    .....        p - amulet of regeneration
Stlth   +            (no ring)
HPRegen 1.02/turn    (no ring)
MPRegen 0.09/turn

%: no passive effects
@: snake-form
A: constrict, reduced hp, large, (weakness stinger 1)
a: Begin Untransformation, Renounce Religion, Berserk, Trog's Hand


You were on level 3 of the Dungeon.
You worshipped Trog.
Trog was pleased with you.
You were an enormous anaconda.
You visited 1 branch of the dungeon, and saw 3 of its levels.

You collected 140 gold pieces.

Inventory:

Hand Weapons
 a - a +2 mace of protection (melded)
Missiles
 b - 3 darts of dispersal
 t - 5 boomerangs
Armour
 f - a +0 leather armour (melded)
 n - a scarf of resistance (melded)
Jewellery
 p - an amulet of regeneration (around neck)
Talismans
 e - a storm talisman
 k - a serpent talisman (active)
Scrolls
 c - a scroll of revelation {unknown}
 g - 3 scrolls of identify {unknown}
 h - a scroll of immolation {unknown}
 l - 2 scrolls of teleportation {unknown}
 m - a scroll of enchant weapon {unknown}
 q - a scroll of enchant armour {unknown}
Potions
 d - a potion of cancellation {unknown}
 i - a potion of curing {unknown}
 j - 2 potions of mutation {unknown}
 o - a potion of heal wounds {unknown}
 r - a potion of lignification {unknown}
 s - a potion of might {unknown}


   Skills:
 - Level 3.0 Fighting
 - Level 2.8 Maces & Flails
 - Level 1.7 Armour
 - Level 1.7 Dodging
 - Level 1.0 Unarmed Combat
 + Level 2.9 Shapeshifting


You had 3 spell levels left.
You didn't know any spells.
Your spell library was empty.

Dungeon Overview and Level Annotations

Branches:
Dungeon (3/15) Zot: 15676

Altars:

Annotations:
D:3 Grinder


Innate Abilities, Weirdness & Mutations

You are an enormous anaconda.
You have a powerful constriction melee attack.
Your maximum health is decreased, since you lack skill for your form.
Your armour is entirely melded.
You are incapable of wielding weapons or throwing items.
((You have a small tail.))


Message History

a +0 club; a +0 plate armour; a frilled lizard corpse
t - 5 boomerangs
Found a stone staircase leading up.
There is a stone staircase leading up here.
You see here a +0 scale mail.
Key pressed, stopping explore.
A dart slug comes into view.
A dart slug is nearby!
The dart slug launches a dart at you. The slug dart hits you.
You take 2 damage, and have 10/12 hp.
The dart slug launches a dart at you. The slug dart hits you.
An orc comes into view. It is wielding a +0 hand axe.
The orc shouts!
The dart slug bites you.
You take 2 damage, and have 9/12 hp.
You lash the dart slug!
You kill the dart slug!
Trog accepts your kill.
You hit the orc. You grab the orc. You constrict the orc.
The orc hits you but does no damage.
You hit the orc but do no damage. You constrict the orc.
Health restored: 12 You hit the orc.
You kill the orc!
Trog accepts your kill.
You now have 140 gold pieces (gained 13).
Items here: ( ) [ ††.
You start waiting.
Grinder is nearby!
Grinder is nearby!
Grinder is nearby!
Grinder is nearby!
Grinder shouts!
Grinder gestures at you. Pain shoots through your body!
Ouch! That really hurt!
You die...
Grinder says, "Now the real fun starts!"

...####..#
######..#
#.......####...
#.####5........
#..####.#
#..### #....#
......?#.#
.....###S#
####. #.# #.
#.# #. #.. ##.
.# ## .# .. .#
.#


You could see Grinder.

Vanquished Creatures
  2 adders (D:2)
  4 dart slugs
  2 worms (D:2)
  6 orcs
  2 endoplasms
  2 giant cockroaches
  7 goblins
  5 hobgoblins
  2 quokkas (D:1)
  2 ball pythons
  5 bats
  5 frilled lizards
  A kobold (D:1)
  4 rats
49 creatures vanquished.

Notes
Turn   | Place    | Note
-------+----------+-------------------------------------------
     0 | D:1      | NinjaNoafa the Demonspawn Berserker began the quest for the
                  | Orb.
     0 | D:1      | Reached XP level 1. HP: 18/18 MP: 1/1
   133 | D:1      | Reached skill level 1 in Shapeshifting
   212 | D:1      | Gained mutation: You have a small tail. [demonic ancestry]
   212 | D:1      | Reached XP level 2. HP: 22/24 MP: 2/2
   393 | D:1      | Reached skill level 1 in Unarmed Combat
   474 | D:1      | Found a faded altar of an unknown god.
   973 | D:2      | Reached ** piety under Trog
   994 | D:2      | Reached XP level 3. HP: 9/29 MP: 3/3
  1768 | D:2      | Reached XP level 4. HP: 28/35 MP: 4/4
  1965 | D:3      | Noticed Grinder
  2293 | D:3      | Killed from afar by Grinder

Illustrated notes

Levels and vault maps discovered:
D:1:      roderic_crossed_star, layout_basic,
          shapermc_ecumenical_altar_totnotflames
D:2:      layout_loops_ring
D:3:      layout_loops_ring, uniq_grinder

Skill      XL: |  1  2  3 |
---------------+----------+-----
Shapeshifting  | 1 2 |  2.9
Unarmed Combat | 1 |  1.0
Fighting       | |  3.0
Maces & Flails | |  2.8
Armour         | |  1.7
Dodging        | |  1.7

Action                     |  1- 3 |  4- 6 || total
---------------------------+-------+-------++-------
  Melee: Mace              |   120 |       ||   120
         Punch             |     2 |       ||     2
         Unarmed           |    19 |    20 ||    39
         Tailslap          |     9 |       ||     9
         Constrict         |       |     5 ||     5
 Armour: Leather armour    |    85 |       ||    85
         Animal skin       |     2 |       ||     2
         Skin              |       |    11 ||    11
  Dodge: Dodged            |    91 |     9 ||   100
   Form: Anaconda          |     1 |     2 ||     3
                           |     1 |     1 ||     2

Table legend: (Time is in decaauts)
 A = Elapsed time spent in this place.
 B = Non-inter-level travel time spent in this place.
 C = Inter-level travel time spent in this place.
 D = Time resting spent in this place.
 E = Time spent auto-exploring this place.
 F = Levels seen in this place.
 G = Mean time per level.
                   A        B        C        D        E       F      G
               +--------+--------+--------+--------+--------+-----+--------+
         Total |   2323 |   2251 |     72 |    534 |   1110 |   3 |  774.3 |
       Dungeon |   2323 |   2251 |     72 |    534 |   1110 |   3 |  774.3 |
               +--------+--------+--------+--------+--------+-----+--------+

Top non-repeatable levels by time:
     D:2: 1091 daAuts
     D:1: 894 daAuts
     D:3: 336 daAuts
